 Dungeon Crawl Stone Soup version 0.29.0-13-gc9e81de378 (webtiles) character file.

Game seed: 6430836679202809991

29 smilodon the Vexing (level 3, 0/24 HPs)
             Began as a Demonspawn Enchanter on Sept 9, 2022.
             Slain by an orc
             ... wielding a +0 falchion
              (3 damage)
             ... on level 2 of the Dungeon.
             The game lasted 00:04:20 (1933 turns).

smilodon the Vexing (Demonspawn Enchanter)          Turns: 1933, Time: 00:04:21

Health: 0/24       AC: 10    Str: 10    XL:     3   Next: 1%
Magic:  6/6        EV:  4    Int: 16    God:
Gold:   107        SH:  0    Dex: 13    Spells: 6/6 levels left

rFire   . . .      SeeInvis .   a - +1 dagger
rCold   . . .      Faith    .   (no shield)
rNeg    . . .      Spirit   .   d - +0 chain mail
rPois   .          Reflect  .   (helmet restricted)
rElec   .          Harm     .   (no cloak)
rCorr   .          Rampage  .   (no gloves)
Will    .....                   (no boots)
Stlth   ..........              (no amulet)
HPRegen 0.08/turn               (no ring)
MPRegen 0.10/turn               (no ring)

@: no status effects
A: antennae 1, slimy green scales 1
a: no special abilities


You were on level 2 of the Dungeon.
You visited 1 branch of the dungeon, and saw 2 of its levels.

You collected 107 gold pieces.

Inventory:

Hand Weapons
 a - a +1 dagger (weapon)
Armour
 b - a +0 robe
 d - a +0 chain mail (worn)
Scrolls
 i - a scroll of fog
Potions
 g - a potion of attraction
 h - a potion of mutation


   Skills:
 + Level 1.3 Short Blades
 + Level 2.1 Dodging
 + Level 3.0 Stealth
 + Level 2.3 Spellcasting
 + Level 3.2 Hexes


You had 6 spell levels left.
You didn't know any spells.
Your spell library contained the following spells:

 Spells                   Type           Power      Damage    Failure   Level
 Ensorcelled Hibernation  Hex/Ice        14%        N/A       100%        2
 Confusing Touch          Hex            12%        N/A       100%        3
 Dazzling Flash           Conj/Hex       14%        N/A       100%        3
 Tukima's Dance           Hex            12%        N/A       100%        3


Dungeon Overview and Level Annotations

Branches:
Dungeon (2/15)

Altars:


Innate Abilities, Weirdness & Mutations

You have a pair of small antennae on your head.
You are partially covered in slimy green scales. (AC +2)


Message History

You barely miss the quokka. The orc hits you with a +0 falchion.
The quokka barely misses you.
You hit the quokka.
The quokka is almost dead.
The orc hits you with a +0 falchion.
The quokka bites you but does no damage.
You are too injured to fight recklessly!
You are too injured to fight recklessly!
You hit the quokka.
You kill the quokka!
The orc hits you with a +0 falchion.
You have reached level 3!
Your experience leads to an increase in your attributes!
Increase (S)trength, (I)ntelligence, or (D)exterity?
You feel stronger. x2; Your demonic ancestry asserts itself...
A pair of antennae grows on your head!
You hit the orc but do no damage. The orc hits you but does no damage.
You closely miss the orc. The orc barely misses you.
You barely miss the orc. The orc hits you with a +0 falchion.
* * * LOW HITPOINT WARNING * * *
You barely miss the orc. The orc completely misses you.
You closely miss the orc. The orc hits you but does no damage.
You hit the orc but do no damage. The orc hits you but does no damage.
You don't know any spells.
Okay, then.
You closely miss the orc. The orc hits you but does no damage.
You hit the orc but do no damage.
Okay, then.
The orc attacks as you move away! The orc hits you but does no damage.
The orc attacks as you move away! The orc hits you with a +0 falchion.
* * * LOW HITPOINT WARNING * * *
The orc attacks as you move away! The orc hits you but does no damage.
The orc attacks as you move away! The orc barely misses you.
The orc attacks as you move away! The orc barely misses you.
The orc attacks as you move away! The orc hits you but does no damage.
The orc attacks as you move away! The orc hits you but does no damage.
The orc attacks as you move away! The orc hits you but does no damage.
There is an open door here.
The orc attacks as you move away! The orc hits you with a +0 falchion.
You die...

#.# .# #. #.######### #.# #.
#.##......# #.# #. #.##......#
#.# #. #.##......###.# #.
#.##......)..^# ##
#.##..........#
########.######......#
#........##...o@..[..#
#.#.........###.....############
#.#...........+.....'...........
#.#........####.....############
#.#........####.....######
#.#......................#
#.########.#############.#
#..........# ############


You could see an orc.

Vanquished Creatures
  3 ball pythons
  3 bats
  7 endoplasms
  2 giant cockroaches (D:1)
  3 hobgoblins (D:1)
  A quokka (D:2)
  A kobold (D:1)
  4 rats (D:1)
24 creatures vanquished.

Notes
Turn   | Place    | Note
-------+----------+-------------------------------------------
     0 | D:1      | smilodon the Demonspawn Enchanter began the quest for the
                  | Orb.
     0 | D:1      | Reached XP level 1. HP: 13/13 MP: 3/3
   201 | D:1      | Found a faded altar of an unknown god.
   215 | D:1      | Reached skill level 1 in Short Blades
   566 | D:1      | Gained mutation: You are partially covered in slimy green
                  | scales. (AC +2) [demonic ancestry]
   566 | D:1      | Reached XP level 2. HP: 19/19 MP: 5/5
  1894 | D:2      | Gained mutation: You have a pair of small antennae on your
                  | head. [demonic ancestry]
  1894 | D:2      | Reached XP level 3. HP: 9/24 MP: 6/6
  1906 | D:2      | HP: 1/24 [orc/+0 falchion (5)]
  1933 | D:2      | Slain by an orc

Illustrated notes

Levels and vault maps discovered:
D:1:      minmay_arrival_glassed_features, layout_rooms,
          chequers_ecumenical_altar_simple_redux
D:2:      layout_basic, minmay_increasing_density, uniq_crazy_yiuf_cottage

Skill      XL: |  1  2 |
---------------+-------+-----
Short Blades   | 1 |  1.3
Dodging        | 2 |  2.1
Stealth        | 3 |  3.0
Spellcasting   | |  2.3
Hexes          | |  3.2

Action                   || total
-------------------------++-------
Melee: Dagger            ||   128
       Punch             ||     1
  Use: Scroll            ||     6
       Potion            ||     4
 Stab: Sleeping          ||     3
Armor: Robe              ||    11
       Chain mail        ||    36
Dodge: Dodged            ||    46
